[Event "Titled Tuesday Blitz May 30 Late 2023"]
[White "Zaitsev, Alexander"]
[Black "Adewumi, Tanitoluwa"]
[WhiteFideId "4164490"]
[BlackFideId "30966396"]
[WhiteElo "2373"]
[BlackElo "2582"]
[Result "0-1"]
[Round "07"]
[TimeControl "180+2"]
[Date "2023.05.31"]
[WhiteClock "0:00:05"]
[BlackClock "0:00:03"]

1. e4 c5 2. Nf3 e6 3. g3 Nc6 4. Bg2 a6 5. O-O d6 6. c3 Nf6 7. Re1 e5 8. h3 Be7 9. d4 O-O 10. Na3 b5 11. d5 Na5 12. b4 Nb7 13. Nc2 a5 14. a3 axb4 15. axb4 Rxa1 16. Nxa1 Bd7 17. Nb3 Qc7 18. Bg5 h6 19. Bxf6 Bxf6 20. Qa1 cxb4 21. cxb4 Qc4 22. Na5 Nxa5 23. bxa5 Ra8 24. Bf1 Qb4 25. a6 Bd8 26. Rb1 Qxe4 27. Bxb5 Bxb5 28. Rxb5 Qxf3 29. a7 Bc7 30. Rb7 e4 31. Rxc7 e3 32. fxe3 Qxg3+ 33. Kh1 Qxh3+ 34. Kg1 Qxe3+ 35. Kh1 Qg5 36. Kh2 Qxd5 37. Qa6 Qe5+ 38. Kg2 Qg5+ 39. Kh2 Qf4+ 40. Kg2 Qg4+ 41. Kh2 d5 42. Rb7 Qf4+ 43. Kg2 d4 44. Qb6 Qe4+ 45. Kh2 d3 46. Rb8+ Kh7 47. Rxa8 Qxa8 48. Qb8 Qe4 49. a8=Q Qe2+ 50. Qg2 Qh5+ 51. Kg1 Qc5+ 52. Qf2 Qg5+ 53. Qbg3 d2 0-1


[Site "https://www.chess.com"]

[Event "Titled Tuesday Blitz May 30 Late 2023"]
[White "Kavutskiy, Konstantin"]
[Black "Ponce Cano, Adrian"]
[WhiteFideId "2026384"]
[BlackFideId "22296913"]
[WhiteElo "2323"]
[BlackElo "2211"]
[Result "1-0"]
[Round "07"]
[TimeControl "180+2"]
[Date "2023.05.31"]
[WhiteClock "0:00:05"]
[BlackClock "0:00:06"]

1. d4 d5 2. c4 c6 3. Nf3 Nf6 4. e3 e6 5. Bd3 Bd6 6. b3 O-O 7. Bb2 b6 8. O-O Bb7 9. Qc2 c5 10. cxd5 exd5 11. Nc3 Nbd7 12. Bf5 g6 13. Bh3 Re8 14. g3 Rc8 15. Qe2 Ne4 16. Nxe4 dxe4 17. Nd2 cxd4 18. Bxd4 f5 19. Nc4 Ba6 20. Rac1 Be5 21. Rfd1 Bxd4 22. Rxd4 Qe7 23. Qd2 Red8 24. Rd1 Bxc4 25. bxc4 Rc7 26. Rd6 Kf8 27. Qd4 Kg8 28. Bf1 Kf7 29. c5 Ne5 30. Qd5+ Kg7 31. Rxd8 bxc5 32. Kh1 c4 33. Qg8+ Kh6 34. Qf8+ Qxf8 35. Rxf8 Nd3 36. Bxd3 cxd3 37. Rd2 Kg7 38. Rd8 Kf6 39. Kg2 Ke7 40. Rd4 Ke6 41. f3 Ke5 42. fxe4 fxe4 43. h4 h5 44. Rd8 a6 45. Ra8 Rc6 46. Re8+ Kd5 47. Rf2 Kc4 48. Rxe4+ Kc3 49. Rd4 Re6 50. Kf3 Rf6+ 51. Rf4 Re6 52. Rf8 Rc6 53. Kf4 d2 54. Rf1 Kc2 55. Kg5 d1=Q 56. Rxd1 Kxd1 57. Rf6 Rc4 58. Kxg6 Rg4+ 59. Kxh5 Rxg3 60. Rxa6 Rxe3 61. a4 Ke2 62. a5 Rg3 63. Re6+ Kf3 64. a6 Kf4 65. Rb6 Kf5 66. a7 Rg7 67. Rb5+ Kf6 68. a8=Q Rh7+ 69. Kg4 Rg7+ 70. Kf4 Rg1 71. Rb6+ Ke7 72. Qa7+ 1-0


[Site "https://www.chess.com"]

[Event "Titled Tuesday Blitz May 30 Late 2023"]
[White "Fiorito, Francisco"]
[Black "Papayan, Oleg"]
[WhiteFideId "180165"]
[BlackFideId "4193911"]
[WhiteElo "2341"]
[BlackElo "2171"]
[Result "0-1"]
[Round "07"]
[TimeControl "180+2"]
[Date "2023.05.31"]
[WhiteClock "0:01:11"]
[BlackClock "0:00:03"]

1. e4 e5 2. Nf3 Nc6 3. Bb5 Nf6 4. O-O Nxe4 5. Re1 Nd6 6. Nxe5 Be7 7. Bf1 Nxe5 8. Rxe5 O-O 9. d4 Bf6 10. Re1 Re8 11. c3 Rxe1 12. Qxe1 Ne8 13. Bd3 d5 14. Bf4 g6 15. Nd2 Ng7 16. Nf3 Bf5 17. Bxf5 Nxf5 18. Qd2 c6 19. Re1 Qd7 20. Ne5 Bxe5 21. Bxe5 Re8 22. h3 Re6 23. Bf4 f6 24. f3 Kf7 25. Kf2 Rxe1 26. Qxe1 Qe6 27. Qxe6+ Kxe6 28. g4 Ne7 29. Ke3 Nc8 30. a4 a6 31. Bc7 Kd7 32. Bg3 Ke6 33. h4 h5 34. b3 Ne7 35. Bc7 Kd7 36. Ba5 Nc8 37. Bb4 Ke6 38. Kf4 Nb6 39. Bc5 Nd7 40. Ba3 Nb6 41. a5 Nd7 42. Bb4 Nb8 43. c4 Nd7 44. Ba3 Nb8 45. Bc5 Nd7 46. Ba7 Nf8 47. Bb8 Nd7 48. Bc7 Nf8 49. c5 Nh7 50. Bd6 g5+ 51. Kg3 gxh4+ 52. Kxh4 hxg4 53. Kxg4 Ng5 54. Bf4 Nf7 55. Bd2 f5+ 56. Kh5 Kf6 57. Bf4 Kg7 58. Bg5 f4 59. Bxf4 Kf6 60. Kg4 Kg6 61. Bc7 Nh6+ 62. Kf4 Kf6 63. Be5+ Ke6 64. Ke3 Nf5+ 65. Kf2 Ne7 66. Bf4 Nf5 67. Be3 Ne7 68. f4 Kf5 69. Kf3 Ng6 70. Bc1 Nf8 71. Kg2 Ne6 72. Be3 Ke4 73. Kf2 Nxf4 74. b4 Ne6 75. Ke2 Nxd4+ 76. Kd2 Ne6 77. Bh6 Kd4 78. Kc2 Kc4 79. Bd2 Nd4+ 80. Kb2 Nb5 81. Kc2 Nd4+ 82. Kb2 Nf3 83. Bf4 d4 84. Kc2 Nh4 85. Bd6 Nf5 86. Kd2 Ne3 87. b5 axb5 88. Ke2 Nd5 89. Kd2 Nc3 90. Kc2 Ne4 91. Bf4 Nxc5 92. Kb2 Nb3 93. Bc7 Kb4 94. Bd6+ c5 95. a6 bxa6 96. Ka2 Kc4 97. Kb2 a5 98. Kc2 a4 99. Kb2 b4 100. Bf4 a3+ 101. Ka2 d3 102. Kb1 Nd4 103. Ka2 Nc2 104. Kb1 b3 105. Be5 d2 106. Bb2 d1=Q+ 107. Bc1 a2+ 108. Kb2 a1=Q# 0-1


[Site "https://www.chess.com"]

[Event "Titled Tuesday Blitz May 30 Late 2023"]
[White "Bilan, Danila"]
[Black "Skaric, Djuro"]
[WhiteFideId "24161918"]
[BlackFideId "934569"]
[WhiteElo "2182"]
[BlackElo "2282"]
[Result "1-0"]
[Round "07"]
[TimeControl "180+2"]
[Date "2023.05.31"]
[WhiteClock "0:00:05"]
[BlackClock "0:01:09"]

1. d4 d6 2. Nf3 g6 3. Bg5 Bg7 4. c3 h6 5. Bh4 Nf6 6. Nbd2 O-O 7. e4 Nc6 8. Bc4 a6 9. a4 e5 10. dxe5 dxe5 11. O-O g5 12. Bg3 Nh5 13. Qc2 Nf4 14. Rfe1 Qe7 15. Nf1 Be6 16. Ne3 Rab8 17. Nf5 Qf6 18. Ne3 Rbd8 19. Rad1 h5 20. h4 g4 21. Ng5 Rd6 22. Nxe6 fxe6 23. Rxd6 cxd6 24. Rd1 Rd8 25. b4 Kh7 26. b5 axb5 27. axb5 Ne7 28. Bb3 Nfg6 29. Nc4 Nxh4 30. Rxd6 Rxd6 31. Nxd6 b6 32. Nc4 Nhg6 33. Nxb6 h4 34. Bh2 Nf4 35. Qd1 Qg5 36. Nd7 g3 37. fxg3 hxg3 38. Bxg3 Qxg3 39. Qf3 Qe1+ 40. Kh2 Neg6 41. b6 Qb1 42. b7 Qxb3 43. b8=Q Qxb8 44. Nxb8 Bf6 45. Nd7 Be7 46. g3 Bd6 47. gxf4 exf4 48. e5 Nxe5 49. Nxe5 Bxe5 50. Qh5+ Kg7 51. Qxe5+ Kg6 52. Kg2 1-0


[Site "https://www.chess.com"]

[Event "Titled Tuesday Blitz May 30 Late 2023"]
[White "Karas, Marek"]
[Black "Poltorak, Sebastian"]
[WhiteFideId "14928558"]
[BlackFideId "1199498"]
[WhiteElo "2233"]
[BlackElo "2195"]
[Result "0-1"]
[Round "07"]
[TimeControl "180+2"]
[Date "2023.05.31"]
[WhiteClock "0:00:11"]
[BlackClock "0:00:22"]

1. a3 g6 2. e4 Bg7 3. Nc3 c5 4. Bc4 d6 5. d3 Nf6 6. Nf3 O-O 7. O-O e5 8. Bg5 h6 9. Bxf6 Bxf6 10. Nd5 Nc6 11. c3 Be6 12. b4 b6 13. bxc5 dxc5 14. Ne1 Bg7 15. Qe2 Qd7 16. Nc2 f5 17. Nde3 f4 18. Bxe6+ Qxe6 19. Nd5 Rad8 20. Qf3 Ne7 21. c4 Kh7 22. a4 Nc6 23. Rfb1 Na5 24. h3 h5 25. Ra2 Kh6 26. h4 Bf6 27. Qh3 Qxh3 28. gxh3 Bxh4 29. Na1 g5 30. f3 Rg8 31. Rg2 Bg3 32. Kf1 g4 33. hxg4 hxg4 34. Ke2 Kg5 35. Nb3 Nxb3 36. Rxb3 Rh8 37. a5 Rh1 38. axb6 axb6 39. Rxb6 Ra8 40. Rb2 Raa1 41. fxg4 Rad1 42. Rxg3 fxg3 43. Kf3 Rxd3+ 44. Ne3 Re1 45. Re2 Rxe2 46. Kxe2 Rxe3+ 47. Kxe3 Kxg4 0-1


[Site "https://www.chess.com"]

[Event "Titled Tuesday Blitz May 30 Late 2023"]
[White "Gasparyan, David"]
[Black "Prem, Pranav"]
[WhiteFideId "13311980"]
[BlackFideId "30901057"]
[WhiteElo "2414"]
[BlackElo "1970"]
[Result "0-1"]
[Round "07"]
[TimeControl "180+2"]
[Date "2023.05.31"]
[WhiteClock "0:00:41"]
[BlackClock "0:00:49"]

1. Nf3 d5 2. g3 Nf6 3. Bg2 e6 4. O-O c5 5. d3 Nc6 6. Qe1 Be7 7. e4 O-O 8. c3 b6 9. Bf4 Bb7 10. Nbd2 Nh5 11. Rd1 g5 12. Be5 g4 13. exd5 exd5 14. Nh4 Bxh4 15. gxh4 Re8 16. d4 f6 17. c4 Nxd4 18. cxd5 Rxe5 19. Ne4 f5 20. f4 gxf3 21. Bxf3 Nxf3+ 22. Rxf3 Rxe4 23. Qc3 Rg4+ 24. Kf1 Ba6+ 25. Ke1 Qd6 26. Kd2 Rg2+ 27. Kc1 f4 28. Re1 Qxd5 29. Rd1 Qc4 30. Qxc4+ Bxc4 31. Rd7 Re8 32. b3 Re1+ 33. Rd1 Rxd1+ 34. Kxd1 Be2+ 0-1


[Site "https://www.chess.com"]

[Event "Titled Tuesday Blitz May 30 Late 2023"]
[White "Chylewski, Patryk"]
[Black "Sadilek, Peter"]
[WhiteFideId "1186191"]
[BlackFideId "1616439"]
[WhiteElo "2163"]
[BlackElo "2227"]
[Result "1-0"]
[Round "07"]
[TimeControl "180+2"]
[Date "2023.05.31"]
[WhiteClock "0:00:29"]
[BlackClock "0:00:06"]

1. e4 g6 2. d4 Bg7 3. Nc3 c6 4. h3 d5 5. Nf3 Nf6 6. e5 Ne4 7. Bd3 Nxc3 8. bxc3 c5 9. O-O c4 10. Be2 Qa5 11. Bd2 Nc6 12. a4 O-O 13. Qb1 Qc7 14. Bf4 Bf5 15. Bg3 Qd7 16. Nh4 Be6 17. f4 f6 18. Qb5 fxe5 19. fxe5 Bh6 20. Rad1 Rxf1+ 21. Rxf1 Bd2 22. Be1 Bxe1 23. Rxe1 Rf8 24. Rf1 Rxf1+ 25. Bxf1 g5 26. Nf3 h6 27. Be2 Bf5 28. Bd1 Kg7 29. Qb2 Nd8 30. a5 Ne6 31. Nh2 Nf4 32. Bg4 Bxg4 33. Nxg4 h5 34. Ne3 h4 35. Qb4 Kf7 36. Qc5 Ne2+ 37. Kh2 Nxc3 38. Qxa7 Ne4 39. a6 Qa4 40. Qxb7 Qa1 41. Qxd5+ 1-0


[Site "https://www.chess.com"]

[Event "Titled Tuesday Blitz May 30 Late 2023"]
[White "Ladan, Nicholas"]
[Black "Rangel, Daniel"]
[WhiteFideId "30918855"]
[BlackFideId "2124475"]
[WhiteElo "2167"]
[BlackElo "2256"]
[Result "0-1"]
[Round "07"]
[TimeControl "180+2"]
[Date "2023.05.31"]
[WhiteClock "0:00:02"]
[BlackClock "0:00:08"]

1. d4 Nf6 2. c3 e6 3. Bg5 d5 4. Nf3 Be7 5. Nbd2 Ne4 6. Bxe7 Qxe7 7. Nxe4 dxe4 8. Nd2 f5 9. e3 O-O 10. a4 Kh8 11. g3 Nd7 12. Be2 e5 13. Qb3 Nf6 14. O-O-O Be6 15. Bc4 Bxc4 16. Nxc4 exd4 17. Rxd4 Ng4 18. Rd2 Qf7 19. Kc2 Rad8 20. h3 Rxd2+ 21. Nxd2 Qxb3+ 22. Nxb3 Nxf2 23. Rh2 Nd3 24. Nd4 c6 25. a5 g6 26. b4 Rc8 27. g4 fxg4 28. hxg4 c5 29. bxc5 Rxc5 30. Nb3 Rg5 31. a6 bxa6 32. Nd2 Rxg4 33. c4 h5 34. Kc3 Ne5 35. Kd4 Nf3+ 36. Nxf3 exf3+ 37. e4 Rg2 38. Rh3 f2 39. Rf3 g5 40. e5 g4 41. Rf5 g3 42. e6 Rg1 43. e7 Re1 44. Re5 Rxe5 45. Kxe5 f1=Q 46. e8=Q+ Kg7 47. Qe7+ Kg6 48. Qe8+ Kg5 49. Qe7+ Kg4 50. Qd7+ Kf3 51. c5 Qe2+ 52. Kf6 Qe3 53. c6 g2 54. c7 g1=Q 55. Qf5+ Qf4 56. Qxf4+ Kxf4 57. c8=Q Qg5+ 58. Kf7 Qf5+ 59. Kg7 Qxc8 60. Kh7 Kg5 61. Kg7 Qd7+ 62. Kh8 Kg6 63. Kg8 Qc8# 0-1


[Site "https://www.chess.com"]

[Event "Titled Tuesday Blitz May 30 Late 2023"]
[White "Lalanne, Pablo"]
[Black "Bringas Gomez, Artai"]
[WhiteFideId "112151"]
[BlackFideId "24534064"]
[WhiteElo "2120"]
[BlackElo "2179"]
[Result "1-0"]
[Round "07"]
[TimeControl "180+2"]
[Date "2023.05.31"]
[WhiteClock "0:00:18"]
[BlackClock "0:00:07"]

1. e4 c6 2. d4 d5 3. Nd2 dxe4 4. Nxe4 Nd7 5. Ng5 Ngf6 6. Bc4 e6 7. Qe2 Nb6 8. Bd3 Qxd4 9. N1f3 Qb4+ 10. c3 Qd6 11. Ne5 Qc5 12. Ngxf7 Rg8 13. Be3 Qd5 14. O-O-O Nbd7 15. Bc4 Qa5 16. Bf4 Nxe5 17. Nxe5 Be7 18. Rhe1 Kf8 19. Bb3 Qa6 20. Qf3 Qb6 21. Nc4 Qc5 22. g4 a5 23. Re5 a4 24. Rxc5 axb3 25. axb3 Ra1+ 26. Kc2 Rxd1 27. Qxd1 Bxc5 28. Bd6+ Bxd6 29. Qxd6+ Kf7 30. Ne5+ Ke8 31. Qc7 Bd7 32. Qb8+ Ke7 33. Qxb7 Kd6 34. Nc4+ Ke7 35. Qb4+ Kd8 36. f3 h6 37. Qd6 Nd5 38. Ne5 Nf6 39. f4 Ke8 40. g5 hxg5 41. fxg5 Bc8 42. gxf6 gxf6 43. Qxc6+ Kd8 44. Qd6+ Ke8 45. Nc6 Kf7 46. Qe7+ Kg6 47. Nd4 e5 48. Ne6 Kf5 49. Nf8 Ba6 50. Qh7+ Kf4 51. Qxg8 f5 52. Kd2 e4 53. Ne6+ Ke5 54. Qf7 Bc8 55. Nd4 f4 56. Qe8+ Kd5 57. Qxc8 f3 58. Ke3 f2 59. Qe6+ Kc5 60. b4# 1-0


[Site "https://www.chess.com"]

[Event "Titled Tuesday Blitz May 30 Late 2023"]
[White "Oglaza, Oskar"]
[Black "D`Arruda, Ricardo D."]
[WhiteFideId "1194402"]
[BlackFideId "100692"]
[WhiteElo "2204"]
[BlackElo "2525"]
[Result "1-0"]
[Round "07"]
[TimeControl "180+2"]
[Date "2023.05.31"]
[WhiteClock "0:00:52"]
[BlackClock "0:00:55"]

1. e4 c5 2. Nf3 Nc6 3. d4 cxd4 4. Nxd4 e5 5. Nb5 a6 6. Nd6+ Bxd6 7. Qxd6 Qe7 8. Qd1 Nf6 9. Nc3 d6 10. Bg5 Be6 11. Qd2 O-O 12. Bd3 h6 13. Be3 Rac8 14. O-O-O Nb4 15. h3 Nxa2+ 16. Nxa2 Bxa2 17. g4 Nh7 18. Rdg1 Rfd8 19. g5 hxg5 20. h4 gxh4 21. Bh6 g6 22. f4 exf4 23. Qxf4 Bc4 24. Bxc4 Rxc4 25. Rxh4 d5 26. Qf5 Rxe4 27. Rxg6+ fxg6 28. Qxg6+ Kh8 29. Bg5 Rg8 30. Bf6+ Rg7 31. Qxh7# 1-0


[Site "https://www.chess.com"]

[Event "Titled Tuesday Blitz May 30 Late 2023"]
[White "Janaszak, Dawid"]
[Black "Qiao, Cindy"]
[WhiteFideId "1119206"]
[BlackFideId "2620243"]
[WhiteElo "2220"]
[BlackElo "1777"]
[Result "0-1"]
[Round "07"]
[TimeControl "180+2"]
[Date "2023.05.31"]
[WhiteClock "0:00:09"]
[BlackClock "0:00:28"]

1. e4 e5 2. Nf3 Nc6 3. Nc3 Nf6 4. Rg1 d5 5. exd5 Nxd5 6. Bb5 Nxc3 7. bxc3 Bd6 8. d3 O-O 9. Qe2 Bg4 10. h3 Bxf3 11. Qxf3 Ne7 12. g4 c6 13. Bc4 Qa5 14. Bd2 Nd5 15. g5 Rae8 16. Kf1 Kh8 17. h4 f5 18. gxf6 Rxf6 19. Qg4 Qc7 20. h5 Ref8 21. Rg2 Bc5 22. h6 g6 23. Bg5 Rxf2+ 24. Rxf2 Rxf2+ 25. Ke1 Qf7 26. d4 exd4 27. Qc8+ Bf8 28. cxd4 Rxc2 29. Be2 Nc3 30. Qg4 Rxe2+ 31. Qxe2 Nxe2 32. Kxe2 Qc4+ 33. Ke3 Qc3+ 34. Ke4 Qxa1 0-1


[Site "https://www.chess.com"]

[Event "Titled Tuesday Blitz May 30 Late 2023"]
[White "Rose, Felix"]
[Black "Minko, Dmitry"]
[WhiteFideId "5105722"]
[BlackFideId "24188468"]
[WhiteElo "2039"]
[BlackElo "2147"]
[Result "0-1"]
[Round "07"]
[TimeControl "180+2"]
[Date "2023.05.31"]
[WhiteClock "0:00:23"]
[BlackClock "0:00:05"]

1. d4 d5 2. Nf3 Nf6 3. e3 e6 4. Bd3 a6 5. O-O c5 6. c3 Nc6 7. Nbd2 Bd6 8. Re1 O-O 9. dxc5 Bxc5 10. e4 Qb6 11. Qe2 e5 12. exd5 Nxd5 13. Ne4 Bg4 14. h3 Bh5 15. Nxc5 Qxc5 16. Qe4 Nf6 17. Qf5 Bg6 18. Qg5 Bxd3 19. Nxe5 Nxe5 20. Rxe5 Qb6 21. Qg3 Bg6 22. h4 Rfe8 23. Bf4 Rxe5 24. Bxe5 Qxb2 25. Re1 Ne4 26. Qf4 Nc5 27. h5 Nd3 28. Qg3 Nxe1 29. hxg6 hxg6 30. Qe3 Qb1 31. Kh2 Re8 32. Qd4 Qf5 33. Bxg7 Qe4 34. Qf6 Qxg2# 0-1


[Site "https://www.chess.com"]

[Event "Titled Tuesday Blitz May 30 Late 2023"]
[White "SergioMoralesG"]
[Black "Padalka, Artem"]
[BlackFideId "14118637"]
[WhiteElo "2518"]
[BlackElo "2073"]
[Result "1-0"]
[Round "07"]
[TimeControl "180+2"]
[Date "2023.05.31"]
[WhiteClock "0:00:16"]
[BlackClock "0:00:44"]

1. e4 c5 2. Nf3 d6 3. Bb5+ Bd7 4. Bxd7+ Qxd7 5. c4 g6 6. d4 cxd4 7. Nxd4 Bg7 8. Nc3 Nc6 9. Be3 Nf6 10. h3 O-O 11. O-O Rfc8 12. b3 Nxd4 13. Bxd4 a6 14. e5 dxe5 15. Bxe5 Qc6 16. Qe2 Rd8 17. Rad1 Qe6 18. Bc7 Qxe2 19. Nxe2 Rdc8 20. Bb6 Rc6 21. Be3 b5 22. c5 Ne4 23. b4 a5 24. a3 axb4 25. axb4 Nc3 26. Nxc3 Bxc3 27. Bd2 Bf6 28. Rfe1 Kg7 29. Bf4 Ra4 30. Rb1 Bc3 31. Be5+ Bxe5 32. Rxe5 Kf6 33. Rd5 Rca6 34. Rb3 Ra3 35. Rxa3 Rxa3 36. c6 Rc3 37. Rc5 Rxc5 38. bxc5 Ke6 39. Kf1 f5 40. f4 h6 41. Ke2 g5 42. g3 b4 43. Kd3 b3 44. Kc3 h5 45. h4 gxh4 46. gxh4 Kd5 47. c7 Kxc5 48. c8=Q+ Kd5 49. Qxf5+ Kd6 50. Qxh5 1-0


[Site "https://www.chess.com"]

[Event "Titled Tuesday Blitz May 30 Late 2023"]
[White "Liu, Casper"]
[Black "Skuhala, Barbara"]
[WhiteFideId "1454153"]
[BlackFideId "14605465"]
[WhiteElo "2221"]
[BlackElo "2072"]
[Result "1-0"]
[Round "07"]
[TimeControl "180+2"]
[Date "2023.05.31"]
[WhiteClock "0:01:02"]
[BlackClock "0:01:35"]

1. a3 Nf6 2. d4 e6 3. c4 d5 4. Nc3 b6 5. cxd5 exd5 6. Bg5 Be7 7. e3 O-O 8. Bd3 Ba6 9. Bc2 c5 10. Bxf6 Bxf6 11. Qh5 g6 12. Qxd5 Nd7 13. Nf3 cxd4 14. Nxd4 Nc5 15. O-O-O Qc7 16. Qc6 Qe5 17. Nf3 Qe6 18. Rd6 Nb3+ 19. Kb1 Qg4 20. Rxf6 Qxg2 21. Rg1 Nd2+ 22. Ka1 Qxf2 23. Rfxg6+ fxg6 24. Rxg6+ Kh8 25. Qd7 Qf1+ 26. Nb1 hxg6 27. Bxg6 Qh3 28. Qxh3+ 1-0


[Site "https://www.chess.com"]

[Event "Titled Tuesday Blitz May 30 Late 2023"]
[White "Magallanes, Rey Jomar"]
[Black "Senft, Sean"]
[WhiteFideId "5205948"]
[BlackFideId "2044960"]
[WhiteElo "2274"]
[BlackElo "1989"]
[Result "1-0"]
[Round "07"]
[TimeControl "180+2"]
[Date "2023.05.31"]
[WhiteClock "0:00:59"]
[BlackClock "0:00:14"]

1. e4 c5 2. Nf3 d6 3. d4 cxd4 4. Nxd4 Nf6 5. Nc3 a6 6. Be2 e5 7. Nb3 Be7 8. O-O O-O 9. Qd3 Be6 10. Bd2 Nbd7 11. Nd5 Bxd5 12. exd5 b5 13. Na5 Nc5 14. Qf3 e4 15. Qf5 g6 16. Qg5 h6 17. Qxh6 Nxd5 18. Nc6 Qd7 19. Nxe7+ Qxe7 20. c4 bxc4 21. Bxc4 Nf6 22. Qxg6+ Kh8 23. Qh6+ Kg8 24. Bc3 Ncd7 25. Rae1 d5 26. Bxd5 Ne5 27. Qg5+ Kh8 28. Bxe5 1-0


[Site "https://www.chess.com"]

[Event "Titled Tuesday Blitz May 30 Late 2023"]
[White "rionelG"]
[Black "Toncheva, Nadya"]
[BlackFideId "2924056"]
[WhiteElo "2196"]
[BlackElo "2101"]
[Result "0-1"]
[Round "07"]
[TimeControl "180+2"]
[Date "2023.05.31"]
[WhiteClock "0:00:01"]
[BlackClock "0:00:33"]

1. e4 c5 2. g3 Nc6 3. Bg2 e6 4. d3 Nf6 5. Nf3 Qc7 6. O-O Be7 7. Re1 O-O 8. e5 Ne8 9. Bf4 d6 10. Nbd2 dxe5 11. Nxe5 Nxe5 12. Bxe5 Bd6 13. Bxd6 Nxd6 14. Qh5 Bd7 15. Ne4 Nxe4 16. Rxe4 g6 17. Qh6 f6 18. Bh3 Rae8 19. Rae1 Qd6 20. b3 Rf7 21. a4 b6 22. a5 bxa5 23. Qh4 Kg7 24. Rc4 Rfe7 25. Qf4 Qxf4 26. Rxf4 a4 27. bxa4 Rb8 28. Rc4 Rb4 29. Rxc5 Bxa4 30. Rxe6 Rbb7 31. Rxe7+ Rxe7 32. c3 Bc2 0-1


[Site "https://www.chess.com"]

[Event "Titled Tuesday Blitz May 30 Late 2023"]
[White "Gutkin, Ilya"]
[Black "Manu_ChessExcelsior"]
[WhiteFideId "16203470"]
[WhiteElo "2265"]
[BlackElo "2079"]
[Result "1-0"]
[Round "07"]
[TimeControl "180+2"]
[Date "2023.05.31"]
[WhiteClock "0:01:14"]
[BlackClock "0:01:07"]

1. e4 c6 2. d4 d5 3. Nc3 dxe4 4. Nxe4 Nf6 5. Qe2 Nxe4 6. Qxe4 g6 7. Bc4 Bg7 8. Nf3 O-O 9. O-O Nd7 10. h3 a5 11. c3 Nf6 12. Qe2 Qc7 13. Re1 Re8 14. Ne5 Nd5 15. Qf3 Be6 16. Nd3 b5 17. Bb3 a4 18. Bc2 Bf5 19. g4 Bxd3 20. Bxd3 e5 21. dxe5 Rxe5 22. Rxe5 Qxe5 23. Bd2 a3 24. Re1 Qe6 25. Rxe6 1-0


[Site "https://www.chess.com"]

[Event "Titled Tuesday Blitz May 30 Late 2023"]
[White "Makridis, Dimitrios"]
[Black "i_like_explosions"]
[WhiteFideId "25864475"]
[WhiteElo "2277"]
[BlackElo "2419"]
[Result "0-1"]
[Round "07"]
[TimeControl "180+2"]
[Date "2023.05.31"]
[WhiteClock "0:00:04"]
[BlackClock "0:00:35"]

1. e4 c5 2. d4 cxd4 3. c3 dxc3 4. Nxc3 Nc6 5. Nf3 e6 6. Bc4 Bb4 7. O-O Nge7 8. Nd5 exd5 9. exd5 O-O 10. dxc6 dxc6 11. Qb3 Bc5 12. Bg5 Qb6 13. Qc2 Bf5 14. Qc3 h6 15. Bh4 Nd5 16. Qe5 Be6 17. Bg3 Rad8 18. h3 Bd6 19. Qd4 Bxg3 20. Qxb6 axb6 21. Bxd5 Bxf2+ 22. Kxf2 Bxd5 23. Rfd1 Rfe8 24. a4 Re4 25. a5 bxa5 26. Rxa5 Rde8 27. Rd2 Rb4 28. Nd4 Re4 29. Ne2 Re6 30. Nc3 Rf6+ 31. Kg1 Be6 32. Re5 Rff4 33. Kh2 Rfd4 34. Rf2 Rb3 35. Rc5 Rdb4 36. Nd1 Bd5 37. Rcc2 Be4 38. Rcd2 Rd3 39. Nc3 Rxd2 40. Rxd2 f5 41. Kg3 g5 42. Kf2 Kg7 43. Ne2 Bd5 44. Nc3 Kf6 45. g3 Ke5 46. Ke3 b5 47. Ne2 f4+ 48. gxf4+ gxf4+ 49. Kf2 Rb3 50. Ng1 Re3 51. b4 Rb3 52. Re2+ Kf5 53. Rd2 Rxb4 54. Ne2 Ra4 55. Nc3 Rb4 56. Ke1 Ke5 57. Kf2 Rc4 58. Ne2 b4 59. Rb2 Re4 60. Ng1 b3 61. Nf3+ Kf5 62. Nh4+ Kf6 63. Nf3 Re3 64. Ng1 c5 65. Rc2 c4 66. Rd2 Ke5 67. Rb2 c3 68. Rb1 b2 69. Ne2 Ba2 70. Nxc3 Bxb1 71. Nxb1 Ke4 72. h4 Kd3 73. h5 Kc2 74. Na3+ Kc1 75. Kf1 b1=Q 76. Nxb1 Kxb1 77. Kf2 Kc2 78. Kg2 Kd3 79. Kf2 Ke4 80. Kg2 f3+ 81. Kg3 Re2 82. Kh4 Rg2 83. Kh3 Rg8 84. Kh4 f2 85. Kh3 f1=Q+ 86. Kh4 Qh1# 0-1


[Site "https://www.chess.com"]

[Event "Titled Tuesday Blitz May 30 Late 2023"]
[White "Isajevsky, Anton"]
[Black "Abduzhaparov"]
[WhiteFideId "4142500"]
[WhiteElo "2510"]
[BlackElo "2413"]
[Result "1-0"]
[Round "07"]
[TimeControl "180+2"]
[Date "2023.05.31"]
[WhiteClock "0:00:09"]
[BlackClock "0:00:03"]

1. c4 d6 2. g3 Nf6 3. Bg2 h5 4. Nf3 e5 5. d3 Nc6 6. Nc3 Be7 7. a3 a5 8. Rb1 Bf5 9. b4 axb4 10. axb4 Qd7 11. b5 Nd4 12. h3 c6 13. Ng5 O-O 14. O-O Nh7 15. Nxh7 Bxh7 16. e3 Ne6 17. h4 Nc5 18. bxc6 bxc6 19. Ne4 Bxe4 20. Bxe4 Nxe4 21. dxe4 g6 22. c5 Rfd8 23. cxd6 Qxd6 24. Qxd6 Bxd6 25. Kg2 Ba3 26. Bxa3 Rxa3 27. Rfc1 Rd2 28. Rxc6 Rxe3 29. Rb4 Ree2 30. Rf6 Kg7 31. Rf3 Rd7 32. Kf1 Red2 33. Kg2 R2d4 34. Rxd4 Rxd4 35. Re3 Kf6 36. Kf3 Ke6 37. Ra3 Rd6 38. Ke3 f5 39. exf5+ gxf5 40. Ra8 Rb6 41. Rh8 Rb3+ 42. Ke2 e4 43. Rxh5 Rb2+ 44. Kf1 Ke5 45. Rh8 Rb1+ 46. Kg2 Rb2 47. Re8+ Kf6 48. Kg1 Rb1+ 49. Kg2 Rb2 50. Kf1 Rb1+ 51. Ke2 Rb2+ 52. Ke1 Rb1+ 53. Kd2 Rb2+ 54. Ke3 Rb3+ 55. Ke2 Rb2+ 56. Ke3 Ra2 57. Rb8 Ra3+ 58. Ke2 Ra2+ 59. Kf1 Ra1+ 60. Kg2 Ra2 61. Rb3 Rc2 62. Ra3 Rd2 63. Kf1 Rc2 64. Ke1 Rb2 65. Rc3 Rb1+ 66. Ke2 Rb2+ 67. Ke3 Rb1 68. Kf4 Rb2 69. Rc6+ Kg7 70. Kxf5 Rxf2+ 71. Kxe4 Rf7 72. Rc5 Kh6 73. Rf5 Re7+ 74. Kf4 Re1 75. Rf6+ Kg7 76. Ra6 Rf1+ 77. Kg5 Re1 78. h5 Re5+ 79. Kh4 Rb5 80. g4 Rb4 81. Kg5 Rb5+ 82. Kh4 Rb4 83. Rc6 Kh7 84. Rf6 Kg7 85. Rf5 Kh7 86. Kg5 Kg7 87. Rd5 Rb7 88. Kf5 Rf7+ 89. Kg5 Rb7 90. Kh4 Rb4 91. Rd7+ Kh8 92. Kg5 Rb5+ 93. Kh4 Rb4 94. Rf7 Kg8 95. Rf5 Kh8 96. Kg5 Rb6 97. Rf6 Rb7 98. Kf5 Rb5+ 99. Kg6 Rb8 100. h6 Rg8+ 101. Kh5 Re8 102. g5 Kh7 103. Rf7+ Kg8 104. Rg7+ Kh8 105. Rb7 Rc8 106. g6 Rc5+ 107. Kg4 Rc4+ 108. Kf5 Rc5+ 109. Ke4 Rc4+ 110. Kd5 Rc8 111. Kd6 Rg8 112. Rh7# 1-0


[Site "https://www.chess.com"]

[Event "Titled Tuesday Blitz May 30 Late 2023"]
[White "Do Nascimento,Christian Almeida"]
[Black "micke12a"]
[WhiteFideId "2143801"]
[WhiteElo "2118"]
[BlackElo "2399"]
[Result "0-1"]
[Round "07"]
[TimeControl "180+2"]
[Date "2023.05.31"]
[WhiteClock "0:00:02"]
[BlackClock "0:00:19"]

1. c4 Nf6 2. Nf3 e6 3. g3 d5 4. Bg2 b6 5. O-O Bb7 6. Ne5 Nbd7 7. Nxd7 Qxd7 8. Nc3 Be7 9. d3 O-O 10. a3 Rad8 11. b4 c5 12. Qa4 Qxa4 13. Nxa4 cxb4 14. axb4 Bxb4 15. Bg5 h6 16. Bxf6 gxf6 17. Rfb1 Ba5 18. c5 Bc6 19. cxb6 Bxa4 20. bxa7 Bc2 21. Rc1 Bc3 22. Ra2 Bb3 23. Ra6 Bd4 24. e3 Be5 25. f4 Bd6 26. a8=Q Rxa8 27. Rxd6 Ra2 28. Rb6 Bc2 29. e4 dxe4 30. dxe4 Rd8 31. Rc6 Rd2 32. f5 Kg7 33. fxe6 Ba4 34. Bf3 Bxc6 35. e7 Be8 36. Kf1 Rf2+ 37. Kg1 Rxf3 38. Rc8 Rb3 39. Rc1 Rb7 0-1


[Site "https://www.chess.com"]